 Dungeon Crawl Stone Soup version 0.28.0-43-g3370ac3207 (webtiles) character file.

Game seed: 5093172479029345882

637 jjjjhere the Cleaver (level 7, -8/58 HPs)
             Began as a Minotaur Fighter on Mar 12, 2022.
             Was an Initiate of Makhleb.
             Mangled by an ogre
             ... wielding a +0 giant spiked club
              (23 damage)
             ... on level 5 of the Dungeon.
             The game lasted 00:04:50 (3539 turns).

jjjjhere the Cleaver (Minotaur Fighter)             Turns: 3539, Time: 00:04:51

Health: -8/58      AC:  6    Str: 27    XL:     7   Next: 25%
Magic:  6/6        EV:  9    Int:  5    God:    Makhleb [......]
Gold:   157        SH:  5    Dex: 11    Spells: 6/6 levels left

rFire   . . .      SeeInvis .   r - +11 spear "Luro" {vorpal, Fly Stlth+}
rCold   . . .      Faith    .   c - +0 buckler
rNeg    . . .      Spirit   .   b - +0 scale mail
rPois   .          Reflect  .   (helmet restricted)
rElec   .          Harm     .   (no cloak)
rCorr   .          Rampage  .   (no gloves)
Will    .....                   (no boots)
Stlth   ..........              (no amulet)
HPRegen 0.19/turn               i - +6 ring of strength
MPRegen 0.10/turn               (no ring)

@: silenced, flying
A: horns 2, retaliatory headbutt
a: Renounce Religion


You were on level 5 of the Dungeon.
You worshipped Makhleb.
Makhleb was noncommittal.
You visited 1 branch of the dungeon, and saw 5 of its levels.

You collected 157 gold pieces.

Inventory:

Hand Weapons
 a - a +0 war axe
 r - the +11 spear "Luro" (weapon) {vorpal, Fly Stlth+}
   (You found it on level 4 of the Dungeon)

   It inflicts extra damage upon your enemies.
   Fly:       It grants you flight.
   Stlth:     It makes you more stealthy.
Missiles
 n - 6 poisoned darts (quivered)
 y - 3 boomerangs
Armour
 b - a +0 scale mail (worn)
 c - a +0 buckler (worn)
Jewellery
 i - a +6 ring of strength (left hand)
 o - a ring of magical power
Scrolls
 h - a scroll of silence
 j - a scroll of enchant armour {unknown}
 k - a scroll of torment {unknown}
 l - a scroll of noise {unknown}
 m - a scroll of fear {unknown}
 q - 7 scrolls of identify {unknown}
 s - a scroll of blinking {unknown}
 t - a scroll of magic mapping {unknown}
 u - a scroll of vulnerability {unknown}
 v - 2 scrolls of teleportation {unknown}
 x - a scroll of summoning {unknown}
Potions
 d - a potion of might
 e - a potion of experience {unknown}
 f - 2 potions of heal wounds {unknown}
 g - a potion of haste {unknown}
 p - a potion of curing {unknown}
 w - a potion of brilliance {unknown}
 z - a potion of mutation {unknown}


   Skills:
 - Level 3.6 Fighting
 * Level 8.1 Axes
 - Level 3.6 Armour
 + Level 6.5 Shields


You had 6 spell levels left.
You didn't know any spells.
Your spell library was empty.

Dungeon Overview and Level Annotations

Branches:
Dungeon (5/15)
 Temple: D:4-7

Altars:
Dithmenos
Elyvilon
Fedhas
Makhleb
Xom

Annotations:
D:3 2 runed translucent doors


Innate Abilities, Weirdness & Mutations

You have a pair of horns on your head.
You reflexively headbutt those who attack you in melee.


Message History

You puncture the orc!
You kill the orc!
Makhleb accepts your kill.
Key pressed, stopping explore.
Things that are here:
a +0 short sword; a +0 chain mail; an orc corpse
Things that are here:
a +0 dagger; a +0 robe; an orc corpse You now have 147 gold pieces (gained 13).
Things that are here:
a +0 short sword; a +0 ring mail
Found a stone staircase leading down.
You now have 157 gold pieces (gained 10).
You reach down and open the door.
There is an open door here.
You reach down and open the door.
An ogre comes into view. It is wielding a +0 giant spiked club.
The ogre moves out of view.
There is an open door here.
An ogre is nearby!
The ogre hits you with a +0 giant spiked club!!
You are too injured to fight recklessly!
You are too injured to fight recklessly!
You hit the ogre. Your headbutt misses the ogre.
The ogre is lightly wounded.
You hit the ogre.
The ogre is lightly wounded.
The ogre hits you with a +0 giant spiked club!!
* * * LOW HITPOINT WARNING * * *
There is an open door here.
There is an open door here.
Found a square platinum amulet.
Found a scroll labelled DAIJEHOUNA.
Found a brass wand.
Found a stone staircase leading up.
An ogre comes into view. It is wielding a +0 giant club.
As you read the scroll labelled POTAOF KETSA, it crumbles to dust.
A profound silence engulfs you.
It was a scroll of silence.
The ogre hits you with a +0 giant spiked club!!
You die...

.. ## .........# .#
.........# .#
.........# ..#
.........# ###
.........+
.........#####
.............#
....O..@.....# ###
.......O.....+ ..#
.............# ..#
.............###+##
..#
..<...............#
..#
#####............/#
..# #.............#
..########
#.............#
.........#
#....?...######


You could see 2 ogres.

Vanquished Creatures
  2 black bears
  A necrophage (D:4)
  A centaur zombie (D:5)
  A hound (D:3)
  An orc priest (D:5)
  An iguana (D:4)
  3 orc wizards
  A hound skeleton (D:4)
  A gnoll (D:1)
  7 adders
  3 dart slugs
  A worm (D:3)
  11 orcs
  5 endoplasms
  5 giant cockroaches
  5 goblins
  6 hobgoblins
  3 quokkas
  3 ball pythons
  4 bats
  3 frilled lizards
  5 kobolds
  5 rats
  A spectral kobold (D:2)
79 creatures vanquished.

Notes
Turn   | Place    | Note
-------+----------+-------------------------------------------
     0 | D:1      | jjjjhere the Minotaur Fighter began the quest for the Orb.
     0 | D:1      | Reached XP level 1. HP: 19/19 MP: 0/0
   211 | D:1      | Reached skill level 3 in Axes
   263 | D:1      | Reached XP level 2. HP: 27/27 MP: 1/1
   621 | D:1      | Reached XP level 3. HP: 33/33 MP: 2/2
   733 | D:2      | Found a faded altar of an unknown god.
   865 | D:2      | Reached skill level 4 in Axes
  1406 | D:3      | Reached XP level 4. HP: 40/40 MP: 3/3
  1411 | D:3      | Noticed a black bear
  1438 | D:3      | Killed a black bear
  1439 | D:3      | Reached skill level 5 in Axes
  1439 | D:3      | Reached skill level 5 in Shields
  1439 | D:3      | Reached XP level 5. HP: 26/46 MP: 4/4
  1751 | D:3      | Found a large runed translucent door.
  1752 | D:3      | Found a large runed translucent door.
  1753 | D:3      | Found a shimmering altar of Xom.
  1804 | D:3      | Found a blossoming altar of Fedhas.
  1901 | D:3      | Found a faded altar of an unknown god.
  1907 | D:3      | Found a shadowy altar of Dithmenos.
  1947 | D:3      | Found a burning altar of Makhleb.
  1947 | D:3      | Noticed an Executioner
  1950 | D:3      | Noticed a neqoxec
  1950 | D:3      | Noticed a neqoxec
  1952 | D:3      | Became a worshipper of Makhleb the Destroyer
  2258 | D:4      | Noticed a necrophage
  2276 | D:3      | Reached skill level 6 in Axes
  2415 | D:4      | Identified the +11 spear "Luro" {vorpal, Fly Stlth+}
  2477 | D:4      | Reached XP level 6. HP: 52/52 MP: 5/5
  2602 | D:4      | Reached skill level 7 in Axes
  2798 | D:4      | Found a white marble altar of Elyvilon.
  2880 | D:5      | Entered Level 5 of the Dungeon
  2953 | D:5      | Reached XP level 7. HP: 41/58 MP: 6/6
  3197 | D:5      | Reached skill level 8 in Axes
  3503 | D:5      | HP: 8/58 [ogre/+0 giant spiked club (22)]
  3539 | D:5      | Mangled by an ogre

Illustrated notes

Levels and vault maps discovered:
D:1:      lemuel_arrival_lava_pool, layout_loops_ring,
          nicolae_concentric_dashed_squares_wild
D:2:      layout_rooms, dreamdust_ecumenical_altar_drowned_temple
D:3:      due_chaos_kobolds, layout_loops_ring, makhleb_altar_promises_db,
          mainiacjoe_overflow_24_doors, nicolae_overflow_ecumenical_swirl,
          serial_bayou_pond_b
D:4:      layout_rooms, elyvilon_altar_3
D:5:      layout_gridville

Skill      XL: |  1  2  3  4  5  6  7 |
---------------+----------------------+-----
Axes           | 3 4 5 6 7 8 |  8.1
Shields        | 4 5 6 |  6.5
Fighting       | |  3.6
Armour         | |  3.6

Action                   |  1- 3 |  4- 6 |  7- 9 || total
-------------------------+-------+-------+-------++-------
Melee: War axe           |    75 |    43 |       ||   118
       Headbutt          |     6 |     9 |     1 ||    16
       Spear             |       |    40 |    18 ||    58
  Use: Scroll            |       |       |     1 ||     1
Armor: Scale mail        |    29 |    19 |     6 ||    54
Dodge: Dodged            |    33 |    35 |     4 ||    72
Block: Buckler           |    16 |    17 |     1 ||    34
